 Dungeon Crawl Stone Soup version 0.28.0-43-g3370ac3207 (webtiles) character file.

Game seed: 8372080668403662236

839973 RepoMan the Metallomancer (level 27, -22/526 HPs)
             Began as a Naga Earth Elementalist on Mar 9, 2022.
             Was the Champion of Wu Jian.
             Annihilated by an iron golem (25 damage)
             ... on level 3 of the Iron City of Dis on Mar 13, 2022.
             The game lasted 13:58:51 (101532 turns).

RepoMan the Metallomancer (NaEE)                  Turns: 101532, Time: 13:58:52

Health: -22/526    AC: 31    Str: 11      XL:     27
Magic:  10/43      EV: 19    Int: 37 (38) God:    Wu Jian [******]
Gold:   7078       SH: 21    Dex: 15      Spells: 1/59 levels left

rFire   + + +      SeeInvis +   h - +9 eveningstar (holy)
rCold   + + +      Faith    .   g - +2 shield of Resistance {rF++ rC++ Will++}
rNeg    + . .      Spirit   .   (armour currently unavailable)
rPois   ∞          Reflect  +   Q - +2 helmet {Int+3}
rElec   +          Harm     .   v - +1 cloak {rCorr}
rCorr   +          Rampage  .   (gloves currently unavailable)
Will    +++++                   (no barding)
Stlth   ..........              j - amulet "Egryffia" {Reflect Int+4 SH+5}
HPRegen 0.97/turn               F - ring of the Ant {rF+ rCorr}
MPRegen 0.28/turn               l - ring of Hizos {rC+ Int+3}

@: berserking, statue-form, in a heavenly storm, glowing, studying 4 skills,
unable to read, corroded
A: slow and powerful, torment resistance 1, boosted hp, AC +9, large, see
invisible, deformed body, poison resistance, (slowness 2), spit poison 1, naga
tail 2, clever 1, deterioration 1
}: 10/15 runes: serpentine, barnacled, slimy, silver, abyssal, demonic, glowing,
magical, fiery, dark
a: Spit Poison, End Transformation, Renounce Religion, Wall Jump, Serpent's
Lash, Heavenly Storm


You were on level 3 of the Iron City of Dis.
You worshipped Wu Jian.
Wu Jian was exalted by your worship.
You were a living statue of rough stone.
You visited 14 branches of the dungeon, and saw 57 of its levels.
You visited Pandemonium 1 time, and saw 13 of its levels.
You visited the Abyss 3 times.
You visited 1 bazaar.
You visited 1 ziggurat, and saw 6 of its levels.
You also visited: Trove, Ossuary, Bailey, Ice Cave and Wizlab.

You collected 10750 gold pieces.
You spent 3672 gold pieces at shops.

Inventory:

Hand Weapons
 f - a +2 demon whip of flaming
 h - a +9 eveningstar of holy wrath (weapon)
 k - the +8 Vampire's Tooth {vamp}
   (You found it on level 3 of the Crypt)

   It occasionally heals its wielder for the full amount of damage dealt when it
   wounds a living foe.
 w - a +9 vorpal demon whip
Missiles
 S - 14 throwing nets
 V - 1025 stones
Armour
 g - the +2 shield of Resistance (worn) {rF++ rC++ Will++}
   (You bought it in a shop on level 3 of the Dungeon)

   rF:        It greatly protects you from fire.
   rC:        It greatly protects you from cold.
   Will:      It greatly increases your willpower.
 v - a +1 cloak of preservation (worn)
 y - the +2 robe of Zyckush (melded) {rCorr MP+9 Int+4}
   (You took it off a merfolk on level 4 of the Shoals)

   Int:       It affects your intelligence (+4).
   MP:        It affects your magic capacity (+9).
   rCorr:     It protects you from acid and corrosion.
 H - a +2 tower shield of resistance
 I - the +6 lightning scales (melded) {swift, rElec}
   (You acquired it in a bazaar)

   It allows the wearer to cover ground more swiftly.
   rElec:     It insulates you from electricity.
 K - a +1 pair of gloves (melded)
 Q - a +2 helmet of intelligence (worn)
Jewellery
 b - the ring of Fixation {Wiz rF+++ Will++ Dex-4 Slay-3}
   (You found it on level 2 of the Abyss)

   [ring of wizardry]

   It improves your spell success rate.
   Dex:       It affects your dexterity (-4).
   Slay:      It affects your accuracy & damage with ranged weapons and melee
   (-3).
   rF:        It renders you almost immune to fire.
   Will:      It greatly increases your willpower.
 j - the amulet "Egryffia" (around neck) {Reflect Int+4 SH+5}
   (You found it in an ice cave)

   [amulet of reflection]

   It reflects blocked missile attacks.
   Int:       It affects your intelligence (+4).
   SH:        It affects your SH (+5).
 l - the ring of Hizos (right fist) {rC+ Int+3}
   (You found it on level 5 of the Vaults)

   [ring of protection from cold]

   Int:       It affects your intelligence (+3).
   rC:        It protects you from cold.
 C - a ring of positive energy
 F - the ring of the Ant (left fist) {rF+ rCorr}
   (You took it off a deep elf death mage on level 3 of the Elven Halls)

   [ring of protection from fire]

   rF:        It protects you from fire.
   rCorr:     It protects you from acid and corrosion.
 M - a ring of flight
 P - the ring "Elle Dia" {EV+4 Int+6}
   (You found it on level 5 of the Pits of Slime)

   [ring of evasion]

   EV:        It affects your evasion (+4).
   Int:       It affects your intelligence (+6).
 Y - the ring of Bagerch {+Blink Str+6}
   (You found it on level 2 of the Shoals)

   [ring of strength]

   Str:       It affects your strength (+6).
   +Blink:    It lets you blink.
Wands
 A - a wand of iceblast (15)
 B - a wand of digging (29)
 G - a wand of mindburst (41)
 O - a wand of paralysis (13)
 T - a wand of acid (12)
Scrolls
 c - 6 scrolls of fog
 d - 7 scrolls of enchant armour
 m - 4 scrolls of magic mapping
 n - 4 scrolls of brand weapon
 o - 4 scrolls of fear
 t - 4 scrolls of immolation
 u - a scroll of summoning
 E - 11 scrolls of vulnerability
 L - 5 scrolls of enchant weapon
 W - 25 scrolls of teleportation
 X - 6 scrolls of blinking
Potions
 e - 5 potions of flight
 i - a potion of invisibility
 p - 9 potions of mutation
 q - 4 potions of haste
 r - 24 potions of curing
 s - 12 potions of attraction
 D - 4 potions of berserk rage
 N - a potion of might
 R - a potion of resistance
 Z - 2 potions of ambrosia
Miscellaneous
 a - a condenser vane
 z - a phial of floods
 J - a tin of tremorstones (2/2)


   Skills:
 * Level 20.3 Fighting
 - Level 18.0 Maces & Flails
 - Level 7.5 Dodging
 - Level 8.0 Stealth
 + Level 17.9 Shields
 + Level 16.7 Spellcasting
 - Level 12.0 Conjurations
 + Level 14.7 Necromancy
 - Level 5.0 Translocations
 + Level 18.6 Transmutations
 + Level 25.7 Earth Magic
 - Level 7.0 Poison Magic
 - Level 4.0 Evocations


You had one spell level left.
You knew the following spells:

 Your Spells              Type           Power      Damage    Failure   Level
a - Stone Arrow           Conj/Erth      100%       3d13      0%          3
e - Iron Shot             Conj/Erth      53%        9d10      1%          6
g - Apportation           Tloc           100%       N/A       1%          1
l - Lee's Rapid Deconstr  Erth           61%        3d29*     0%          5
m - Iskenderun's Mystic   Conj/Tloc      76%        2d15      1%          4
s - Sandblast             Erth           100%       2d20      0%          1
x - Borgnjor's Vile Clut  Necr/Erth      55%        N/A       0%          5
y - Yara's Violent Unrav  Hex/Tmut       39%        3d16      1%          5
z - Manifold Assault      Tloc           61%        N/A       5%          5
B - Sublimation of Blood  Necr           96%        N/A       0%          2
N - Necromutation         Tmut/Necr      50%        N/A       11%         8
S - Statue Form           Tmut/Erth      76%        N/A       1%          6
W - Passwall              Tmut/Erth      95%        N/A       0%          2
X - Irradiate             Conj/Tmut      49%        3d29      1%          5

Your spell library contained the following spells:

 Spells                   Type           Power      Damage    Failure   Level
 Animate Skeleton         Necr           100%       N/A       0%          1
 Beastly Appendage        Tmut           100%       N/A       0%          1
 Magic Dart               Conj           100%       1d8       0%          1
 Pain                     Necr           100%       1d9       0%          1
 Sting                    Tmut/Pois      100%       1d8       0%          1
 Foxfire                  Conj/Fire      100%       2x1d9     1%          1
 Freeze                   Ice            100%       1d11      1%          1
 Shock                    Conj/Air       100%       1d9       1%          1
 Summon Small Mammal      Summ           100%       N/A       1%          1
 Searing Ray              Conj           100%       2d8       0%          2
 Wereblood                Tmut           100%       N/A       0%          2
 Vampiric Draining        Necr           96%        2d12      0%          3
 Petrify                  Tmut/Erth      100%       N/A       0%          4
 Blink                    Tloc           100%       N/A       1%          2
 Corpse Rot               Necr/Air       100%       N/A       1%          2
 Poisonous Vapours        Pois/Air       100%       N/A       1%          2
 Static Discharge         Conj/Air       66%        N/A       1%          2
 Conjure Flame            Conj/Fire      66%        6-21      1%          3
 Dazzling Flash           Conj/Hex       100%       N/A       1%          3
 Gell's Gravitas          Tloc           61%        N/A       1%          3
 Ignite Poison            Fire/Tmut/Pois 76%        N/A       1%          3
 Lesser Beckoning         Tloc           61%        N/A       1%          3
 Mephitic Cloud           Conj/Pois/Air  67%        N/A       1%          3
 Portal Projectile        Hex/Tloc       98%        N/A       1%          3
 Spider Form              Tmut/Pois      90%        N/A       1%          3
 Teleport Other           Tloc           61%        N/A       1%          3
 Anguish                  Hex/Necr       35%        N/A       1%          4
 Animate Armour           Summ/Erth      100%       N/A       1%          4
 Animate Dead             Necr           48%        N/A       1%          4
 Dispel Undead            Necr           96%        3d30      1%          4
 Flame Wave               Conj/Fire      66%        2d12      1%          4
 Fulminant Prism          Conj/Hex       33%        3d16      1%          4
 Hailstorm                Conj/Ice       66%        3d14      1%          4
 Leda's Liquefaction      Hex/Erth       45%        N/A       1%          4
 Olgreb's Toxic Radiance  Pois           70%        N/A       1%          4
 Passage of Golubria      Tloc           61%        N/A       1%          4
 Sticky Flame             Conj/Fire      66%        2d8       1%          4
 Alistair's Intoxication  Tmut/Pois      60%        N/A       1%          5
 Blade Hands              Tmut           53%        N/A       1%          5
 Excruciating Wounds      Necr           48%        N/A       1%          5
 Iskenderun's Battlesphe  Conj           88%        2d14      1%          5
 Death Channel            Necr           48%        N/A       1%          6
 Eringya's Noxious Bog    Tmut/Pois      45%        N/A       1%          6
 Dragon Form              Tmut           53%        N/A       1%          7
 Call Imp                 Summ           31%        N/A       2%          2
 Ensorcelled Hibernation  Hex/Ice        62%        N/A       2%          2
 Scorch                   Fire           62%        2d8       2%          2
 Fireball                 Conj/Fire      33%        3d14      3%          5
 Lightning Bolt           Conj/Air       33%        1d50      3%          5
 Shatter                  Erth           61%        3d45*     3%          9
 Call Canine Familiar     Summ           31%        N/A       4%          3
 Confusing Touch          Hex            31%        N/A       4%          3
 Frozen Ramparts          Ice            62%        1d8       4%          3
 Inner Flame              Hex/Fire       31%        N/A       4%          3
 Ozocubu's Armour         Ice            31%        N/A       4%          3
 Summon Guardian Golem    Hex/Summ       31%        N/A       4%          3
 Swiftness                Air            31%        N/A       4%          3
 Tukima's Dance           Hex            31%        N/A       4%          3
 Lehudib's Crystal Spear  Conj/Erth      53%        10d13     4%          8
 Freezing Cloud           Conj/Ice/Air   28%        6-21      8%          5
 Orb of Destruction       Conj           44%        9d12      9%          7
 Airstrike                Air            15%        N/A       14%         4
 Summon Lightning Spire   Summ/Air       31%        N/A       14%         4
 Conjure Ball Lightning   Conj/Air       33%        3x3d11    19%         6
 Starburst                Conj/Fire      33%        6d10      19%         6
 Borgnjor's Revivificati  Necr           48%        N/A       22%         8
 Storm Form               Tmut/Air       39%        N/A       26%         7
 Dispersal                Tloc           30%        N/A       28%         6
 Silence                  Hex/Air        15%        N/A       38%         5
 Spellforged Servitor     Conj/Summ      33%        N/A       71%         7
 Death's Door             Necr           48%        N/A       98%         9
 Malign Gateway           Summ/Tloc      24%        N/A       99%         7
 Enfeeble                 Hex            15%        N/A       100%        7
 Monstrous Menagerie      Summ           15%        N/A       100%        7
 Ozocubu's Refrigeration  Ice            15%        4d8       100%        7
 Summon Hydra             Summ           15%        N/A       100%        7
 Discord                  Hex            15%        N/A       100%        8
 Disjunction              Tloc           30%        N/A       100%        8
 Ignition                 Fire           15%        3d6       100%        8
 Maxwell's Capacitive Co  Air            15%        ∞         100%        8
 Summon Horrible Things   Summ           15%        N/A       100%        8
 Chain Lightning          Conj/Air       33%        3d44      100%        9
 Dragon's Call            Summ           15%        N/A       100%        9


Dungeon Overview and Level Annotations

Branches:
Dungeon (15/15)            Temple (1/1) D:4            Lair (6/6) D:8
 Shoals (4/4) Lair:3        Snake (4/4) Lair:3        Slime (5/5) Lair:6
    Orc (2/2) D:12            Elf (3/3) Orc:2        Vaults (5/5) D:13
  Crypt (3/3) Vaults:2       Tomb (0/3) Crypt:3      Depths (4/4) D:15
   Hell (visited)             Dis (3/7) Hell            Geh (0/7) Hell
    Coc (0/7) Hell            Tar (0/7) Hell            Zot (1/5) Depths:4
Ossuary (visited)          Bailey (visited)           IceCv (visited)
 WizLab (visited)

Altars:
Ashenzari
Elyvilon
Hepliaklqana
Kikubaaqudgha
Nemelex Xobeh
Okawaru
Sif Muna
Trog
Uskayaw
Vehumet
Wu Jian
Xom
Yredelemnul
The Shining One
Jiyva

Shops:
D:1 (   D:3 [   D:8 ?   D:10 (   D:12 :   D:14 [   Orc:1 :   Orc:2 [:?!
Shoals:3 (   Vaults:2 =(   Vaults:5 :   Depths:1 :*(

Portals:
Hell: Depths:1 Depths:2 Depths:3 Depths:4
Abyss: Depths:3
Pandemonium: Orc:2 Depths:2 Depths:3

Annotations:
D:15 3 runed translucent doors
Slime:4 exclusion: upstairs


Innate Abilities, Weirdness & Mutations

You are a living statue of rough stone.
Your actions are slow, but your melee attacks are powerful.
You are resistant to unholy torment.
Your maximum health is greatly increased.
Your equipment is partially melded.
((Your serpentine skin is tough. (AC +9)))
You have supernaturally acute eyesight. (SInv)
Armour fits poorly on your strangely shaped body.
Your system is resistant to poisons. (rPois)
((You cover ground very slowly.))
You can spit poison.
You can use your snake-like lower body to constrict enemies.
Your mind is acute. (Int +2)
Your body sometimes deteriorates upon taking damage.


Message History

The iron giant casts a spell at you. The iron shot hits you!!
* * * LOW HITPOINT WARNING * * *
You block the iron golem's attack. x2; The iron golem barely misses you.
You block the iron golem's attack.
The iron giant gestures at you while chanting.
The iron shot hits you!!
* * * LOW HITPOINT WARNING * * *
You block the iron golem's attack. x2
Okay, then.
Okay, then.
Unknown command.
Unknown command.
Okay, then.
Unknown command.
Okay, then.
Unknown command.
Unknown command.
A red film seems to cover your vision as you go berserk!
You feel yourself moving faster!
You feel mighty!
You block the iron golem's attack. x2; The iron golem hits you!
* * * LOW HITPOINT WARNING * * *
You block the iron golem's attack. The iron golem barely misses you.
The iron golem closely misses you.
Unknown command.
You spin and attack the iron golem.
You hit the iron golem but do no damage.
The iron golem is moderately damaged.
You spin and attack the iron giant.
You bludgeon the iron giant!!
The iron giant is severely wounded.
You spin and attack the iron golem.
You impale the iron golem!! You grab the iron golem.
The iron golem is lightly damaged.
You constrict the iron golem, but do no damage.
The iron giant hits you but does no damage.
The iron golem hits you!!
* * * LOW HITPOINT WARNING * * *
The iron golem hits you but does no damage. x2
The iron golem hits you!!
You die...

▒▒▒▒▒▒▒
▒..'..▒
▒☼☼▒9.'..+
▒▒C▒▒'▒▒+▒
▒8§▒.9..
▒99▒......
▒§§+........
▒..▒.9......
▒..▒........
▒+▒▒ .......


You could see 2 iron golems and an iron giant.

Vanquished Creatures
  Cerebov (Pan)
  the Royal Jelly (Slime:5)
  Dissolution (Slime:5)
  Mnoleg (Pan)
  Gloorx Vloq (Pan)
  Lom Lobon (Pan)
  Khufu (Crypt:2)
  A dread lich (Crypt:3)
  An orb of fire (Zot:1)
  2 ancient liches
  Mara (Shoals:3)
  3 pandemonium lords
  A juggernaut (Depths:2)
  A royal mummy (Crypt:2)
  Margery (Vaults:5)
  Bai Suzhen (Vaults:4)
  Geryon (Hell)
  3 caustic shrikes (Depths:4)
  Nikola (Snake:1)
  2 golden dragons (Depths:4)
  3 bone dragons (Abyss:1)
  A Brimstone Fiend (Pan)
  A shard shrike zombie (Crypt:2)
  A Tzitzimitl (Zig:6)
  Jorgrun (D:15)
  Rupert (Lair:6)
  Mlioglotl (Snake:1)
  3 liches (Crypt:3)
  4 deep elf blademasters
  3 tentacled monstrosities
  17 Executioners
  Asterion (Snake:1)
  9 titans
  21 acid blobs
  8 ancient champions
  3 deep elf master archers (Elf:3)
  An eldritch tentacle (Pan)
  2 quicksilver dragons (Vaults:5)
  Polyphemus (Shoals:3)
  4 tentacled starspawn
  6 shadow dragons
  7 storm dragons
  10 sphinxes
  5 tengu reavers
  Ilsuiw (Shoals:3)
  Donald (Snake:2)
  8 azure jellies
  Kirke (Shoals:3)
  5 demonspawn warmongers (Pan)
  16 nagarajas
  6 revenants
  4 fire giants
  9 rockslimes
  4 iron dragons
  An emperor scorpion (Abyss:2)
  Roxanne (Shoals:4)
  A draconian knight (Depths:4)
  5 frost giants
  A quicksilver elemental (Dis:3)
  6 deep elf sorcerers (Elf:3)
  8 cacodemons
  The ghost of Acheron the Protected, a journeyman DsAr of Ashenzari (Shoals:2)
  23 balrugs
  A draconian stormcaller (Depths:4)
  20 vault wardens
  2 orc warlords
  4 curse skulls
  3 juggernaut zombies
  Louise (Snake:2)
  A caustic shrike zombie (Crypt:1)
  5 deep elf elementalists (Elf:3)
  2 spriggan defenders
  A shard shrike simulacrum (Hell)
  26 ironbound preservers
  11 war gargoyles
  4 demonspawn corrupters (Pan)
  2 ghouls
  5 draconian annihilators
  A caustic shrike skeleton (Pan)
  3 vampire knights
  31 very ugly things
  7 quicksilver oozes
  5 reapers
  13 stone giants
  11 deep elf demonologists
  A green draconian (Depths:4)
  A juggernaut skeleton (Crypt:1)
  7 demonspawn black suns
  4 demonspawn blood saints (Pan)
  A white draconian (Depths:4)
  2 entropy weavers
  The ghost of Tinylith the Cleaver, a journeyman DsBe of Trog (Lair:4)
  11 ironbound thunderhulks
  3 black draconians (Depths:4)
  9 deep elf annihilators
  2 spark wasps (Depths:3)
  The ghost of Cuirinieja the Thaumaturge, a journeyman DECj of Sif Muna (Lair:5)
  Azrael (D:13)
  A red draconian (Depths:4)
  7 dire elephants
  A minotaur (Shoals:1)
  4 lorocyprocas (Pan)
  Snorg (Orc:2)
  The ghost of Ciovowug the Fighter, a journeyman DrTm of Ashenzari (Lair:2)
  16 blizzard demons
  11 deep elf death magi
  5 eidola
  7 merfolk javelineers
  8 green deaths
  A spectral kraken (Shoals:2)
  2 mummy priests (Crypt:2)
  6 fire dragons
  11 jiangshi
  17 ettins
  11 merfolk impalers
  9 deep elf high priests
  The ghost of Tutankhamun the Nimble, a journeyman OpBr of Dithmenos (Lair:1)
  8 great orbs of eyes
  37 vault guards
  17 yaktaur captains
  A hell beast (Pan)
  5 ice dragons
  3 demonspawn (Orc:2)
  6 hydras
  5 salamander tyrants
  2 spriggan zombies
  4 merfolk aquamancers
  6 ironbound frosthearts
  A spriggan air mage (Depths:1)
  4 spriggan skeletons
  13 naga warriors
  A fenstrider witch skeleton (Pan)
  4 anacondas
  A caustic shrike simulacrum (IceCv)
  2 catoblepae
  3 alligator snapping turtles
  5 boulder beetles
  24 centaur warriors
  2 juggernaut simulacra (Pan)
  3 merfolk avatars
  3 death knights
  6 deep troll earth magi
  29 dancing weapons
  7 orc high priests (Orc:2)
  A satyr (Shoals:1)
  9 two-headed ogres
  Urug (Orc:2)
  8 tengu warriors
  4 deep troll shamans
  11 death yaks
  8 thrashing horrors
  11 shock serpents
  2 death scarabs (Abyss:2)
  3 hell hogs
  8 naga sharpshooters
  A shock serpent (shapeshifter) (Vaults:5)
  5 spriggan berserkers
  15 hell knights
  5 spriggans
  4 titan skeletons
  7 vampire magi
  18 deep elf knights
  7 salamander mystics
  19 sixfirhies
  20 soul eaters
  54 sun demons
  5 shadow wraiths
  28 skeletal warriors
  A spark wasp zombie (Hell)
  6 wretched stars
  2 death drakes
  A storm dragon skeleton (Vaults:4)
  6 iron trolls
  A glowing orange brain (shapeshifter) (Vaults:5)
  A bunyip zombie (Hell)
  13 flayed ghosts
  A shadow demon (Pan)
  2 glowing orange brains
  13 deep elf archers
  56 deep trolls
  9 sea snakes
  A swamp dragon (Zig:4)
  A golden dragon skeleton (Pan)
  10 necromancers
  A bog body (Crypt:1)
  3 orange crystal statues
  15 phantasmal warriors
  14 ironbound convokers
  14 lindwurms
  5 naga ritualists
  A harpy (shapeshifter) (Elf:3)
  A bunyip skeleton (Crypt:2)
  27 deep elf pyromancers
  28 deep elf zephyrmancers
  11 orc knights
  2 anaconda skeletons
  17 wizards
  2 iron dragon zombies
  2 tengu zombies (Hell)
  18 harpies
  A wolf spider (D:15)
  A mana viper (shapeshifter) (Depths:2)
  A fire giant zombie (Hell)
  8 orc sorcerers
  4 shining eyes
  20 fauns
  8 mana vipers
  17 manticores
  2 stone giant zombies
  3 frost giant zombies
  A manticore (shapeshifter) (Vaults:5)
  A moth of wrath (Zot:1)
  18 salamanders
  3 worldbinders
  An iron dragon skeleton (Pan)
  7 cyclopes
  Maurice (D:13)
  2 shadow dragon skeletons (Pan)
  A dire elephant zombie (Hell)
  47 ugly things
  A frost giant skeleton (Crypt:1)
  2 human skeletons
  A stone giant skeleton (Vaults:4)
  An apocalypse crab (Abyss:3)
  9 fire giant skeletons (Crypt:3)
  16 elephants
  11 vault sentinels
  7 ice statues
  7 guardian serpents
  5 merfolk sirens
  35 smoke demons
  5 water nymphs
  An eye of devastation (Slime:5)
  10 naga magi
  2 naga zombies (Crypt:3)
  A torpor snail (Lair:4)
  38 black mambas
  10 rust devils (Hell)
  4 molten gargoyles (Hell)
  15 cane toads
  6 rime drakes
  4 spectral sea snakes (Shoals:2)
  4 hellions
  3 unseen horrors
  16 orange demons
  A steelbarb worm zombie (Crypt:2)
  6 gargoyles
  2 kobold demonologists (Abyss:2)
  2 elf skeletons
  10 ice devils
  A green draconian zombie (Crypt:1)
  A red draconian zombie (Crypt:1)
  11 freezing wraiths
  5 demonic crawlers
  15 efreet
  36 yaktaurs
  A yaktaur skeleton (Vaults:3)
  15 hellwings
  2 tormentors
  12 komodo dragons
  An anaconda simulacrum (Hell)
  4 tengu conjurers
  2 golden dragon simulacra (IceCv)
  5 red devils
  5 guardian mummies (Crypt:2)
  2 queen bees (shapeshifter)
  A queen bee (Abyss:4)
  A harpy zombie (Hell)
  8 meliai
  33 large abominations
  11 trolls
  58 merfolk
  6 ancient zymes
  10 wind drakes
  11 hornets
  83 slime creatures
  3 polar bears
  14 raiju
  A harpy skeleton (Pan)
  A hydra skeleton (Pan)
  3 blink frogs
  16 snapping turtles
  2 dream sheep (Shoals:3)
  3 ettin zombies (Hell)
  7 fire dragon skeletons (Crypt:3)
  9 flying skulls
  6 wraiths
  8 air elementals
  A culicivora (Vaults:3)
  11 shadows
  A culicivora (shapeshifter) (D:14)
  13 water elementals
  A hog (Shoals:3)
  4 wyverns
  A merfolk skeleton (Crypt:3)
  41 yaks
  6 vampires (Crypt:3)
  A dire elephant simulacrum (IceCv)
  10 basilisks
  20 ynoxinuls
  2 ettin skeletons
  4 fire bats (Abyss:2)
  7 golden eyes
  4 fire elementals
  24 neqoxecs
  3 steam dragons
  18 vampire mosquitoes
  9 chaos spawn
  4 redbacks
  3 harpy simulacra
  32 nagas
  4 acid dragons
  5 wargs
  A hydra simulacrum (IceCv)
  A cane toad zombie (Crypt:1)
  16 water moccasins
  A swamp drake (Zig:4)
  A naga skeleton (Abyss:1)
  41 orc warriors
  15 hell hounds
  8 ice beasts
  2 black bears
  5 necrophages
  29 starcursed masses
  5 boggarts (Vaults:1)
  8 ogres
  10 centaurs
  A dream sheep skeleton (Crypt:2)
  11 wolves
  A blink frog skeleton (Crypt:1)
  2 kobold brigands
  14 bullfrogs
  3 gnoll sergeants
  28 scorpions
  A wyvern zombie (D:7)
  2 earth elementals (Elf:2)
  3 wyvern skeletons
  5 killer bees (D:11)
  2 lindwurm simulacra (IceCv)
  5 wights (Crypt:3)
  4 howler monkeys
  9 small abominations
  2 electric eels (Lair:5)
  8 crimson imps (Abyss:2)
  7 centaur zombies
  4 quasits
  3 human zombies
  5 jellies
  22 orc priests
  4 hounds
  A basilisk zombie (Crypt:2)
  5 centaur skeletons
  A gnoll shaman (D:7)
  8 iron imps
  10 scorpion zombies
  9 iguanas
  19 orc wizards
  10 hell rats
  A hound zombie (D:5)
  3 hound skeletons (D:4)
  3 mummies (Ossuary)
  A howler monkey zombie (D:8)
  9 gnolls
  A howler monkey skeleton (D:6)
  8 adders
  9 shadow imps (Abyss:2)
  6 white imps
  3 ufetubi
  An adder skeleton (D:4)
  3 worms
  2 dart slugs (D:1)
  79 orcs
  7 bats
  8 endoplasms
  2 giant cockroaches
  10 goblins
  7 hobgoblins
  7 jackals
  7 quokkas
  10 ball pythons
  5 frilled lizards
  4 goblin zombies (Ossuary)
  2 hobgoblin zombies (Ossuary)
  16 kobolds
  4 kobold zombies (Ossuary)
  An orc zombie (Crypt:2)
  4 rats
  2 fire vortices (Pan)
  A starspawn tentacle (Abyss:1)
  2 tentacles (Shoals:2)
2910 creatures vanquished.

Vanquished Creatures (collateral kills)
  An orc high priest (Orc:2)
  2 orc warriors
  3 orc priests
  2 orcs (Orc:2)
8 creatures vanquished.

Vanquished Creatures (others)
  A fire giant (Depths:1)
  A vampire knight (Depths:1)
  A soul eater (Hell)
  A necromancer (Hell)
  2 deep elf zephyrmancers
  A deep elf pyromancer (Elf:1)
  A smoke demon (Hell)
  A wyvern (D:9)
  A golden eye (Abyss:1)
  3 humans (Shoals:3)
  A hell hound (Hell)
  3 orc warriors
  A small abomination (Abyss:3)
  An orc (Orc:2)
  6 ball lightnings (Pan)
  A bush (Shoals:1)
  A fire vortex (Pan)
  76 fungi
  A lurking horror (Abyss:4)
  378 plants
  7 starspawn tentacles
  10 tentacles (Shoals:2)
  22 withered plants
521 creatures vanquished.

Grand Total: 3439 creatures vanquished

Notes
Turn   | Place    | Note
-------+----------+-------------------------------------------
     0 | D:1      | RepoMan the Naga Earth Elementalist began the quest for the
                  | Orb.
     0 | D:1      | Reached XP level 1. HP: 15/15 MP: 3/3
   199 | D:1      | Reached XP level 2. HP: 22/22 MP: 0/5
   553 | D:1      | Found Koacutym's Antique Weapon Shoppe.
   766 | D:1      | Reached XP level 3. HP: 22/28 MP: 3/6
  1157 | D:1      | Reached skill level 4 in Earth Magic
  1263 | D:1      | Learned a level 2 spell: Passwall
  1557 | D:2      | Reached XP level 4. HP: 30/36 MP: 3/7
  1783 | D:2      | Found a shimmering blue altar of Sif Muna.
  2270 | D:3      | Reached XP level 5. HP: 40/42 MP: 8/8
  2274 | D:3      | Learned a level 3 spell: Stone Arrow
  2296 | D:3      | Found a faded altar of an unknown god.
  2297 | D:3      | Noticed an eye of devastation
  2298 | D:3      | Noticed a great orb of eyes
  2299 | D:3      | Noticed a great orb of eyes
  2299 | D:3      | Noticed an eye of devastation
  2351 | D:3      | Reached skill level 5 in Earth Magic
  2462 | D:3      | Found a sparkling altar of Nemelex Xobeh.
  2878 | D:3      | Found Nyzymiu's Antique Armour Shop.
  2882 | D:3      | Bought a heavily jewelled robe for 91 gold pieces
  2882 | D:3      | Identified the +4 robe "Hotosacick" {Str+4 SInv} (You
                  | bought it in a shop on level 3 of the Dungeon)
  3117 | D:4      | Found a sand-covered staircase.
  3121 | Ossuary  | Entered an ossuary
  3248 | Ossuary  | Reached XP level 6. HP: 46/49 MP: 4/9
  3298 | Ossuary  | Reached skill level 6 in Earth Magic
  3655 | Ossuary  | Reached XP level 7. HP: 55/55 MP: 10/10
  3808 | Ossuary  | Reached skill level 1 in Conjurations
  3813 | Ossuary  | Reached skill level 7 in Earth Magic
  4176 | Ossuary  | Reached XP level 8. HP: 57/62 MP: 12/12
  4202 | Ossuary  | Learned a level 4 spell: Petrify
  4296 | Ossuary  | Reached skill level 5 in Transmutations
  4340 | Ossuary  | Reached skill level 8 in Earth Magic
  4705 | D:4      | Found a radiant altar of Vehumet.
  5146 | D:4      | Found a staircase to the Ecumenical Temple.
  5156 | Temple   | Entered the Ecumenical Temple
  5188 | Temple   | Became a worshipper of the Wu Jian Council
  5692 | D:5      | Entered Level 5 of the Dungeon
  6031 | D:5      | Reached XP level 9. HP: 67/68 MP: 2/15
  6190 | D:5      | Reached skill level 1 in Shields
  6261 | D:5      | Reached skill level 9 in Earth Magic
  6469 | D:5      | Found a hide-covered altar of Uskayaw.
  6820 | D:6      | Reached * piety under Wu Jian
  7602 | D:7      | Found a flagged portal.
  7632 | D:7      | Reached skill level 10 in Earth Magic
  7723 | Bailey   | Entered a bailey
  7760 | Bailey   | Noticed an orc knight
  7780 | Bailey   | Noticed an orc knight
  7831 | D:7      | Identified the +2 chain mail of Zagomemm {Dex+4}
  7887 | D:7      | Noticed a hornet
  7914 | D:7      | Killed a hornet
  8482 | D:7      | Reached XP level 10. HP: 64/75 MP: 16/16
  8567 | D:7      | Reached ** piety under Wu Jian
  9108 | D:8      | Found Kuoshia's Magic Scroll Boutique.
  9113 | D:8      | Bought a scroll of identify for 26 gold pieces
  9113 | D:8      | Bought a scroll of holy word for 97 gold pieces
  9275 | D:8      | Noticed an elephant
  9291 | D:8      | Killed an elephant
  9292 | D:8      | Reached skill level 11 in Earth Magic
  9542 | D:8      | Noticed an unseen horror
  9644 | D:8      | Killed an unseen horror
  9645 | D:8      | Found a staircase to the Lair.
  9805 | D:8      | Found a bloodstained altar of Trog.
 10027 | D:8      | Found a shimmering blue altar of Sif Muna.
 10581 | D:9      | Reached skill level 12 in Earth Magic
 10826 | D:9      | Noticed a two-headed ogre
 10905 | Lair:1   | Entered Level 1 of the Lair of Beasts
 10965 | Lair:1   | Noticed a black mamba
 11102 | D:8      | Killed a black mamba
 11346 | Lair:1   | Identified the +1 leather armour of Rucestraf {rF+ rC+ MP+9
                  | Stlth+}
 11440 | Lair:1   | Reached XP level 11. HP: 81/81 MP: 16/17
 11654 | Lair:1   | Noticed a four-headed hydra
 11661 | Lair:1   | Killed a four-headed hydra
 11662 | Lair:1   | Reached skill level 1 in Fighting
 11662 | Lair:1   | Reached skill level 13 in Earth Magic
 11909 | Lair:1   | Found a runed translucent door.
 11912 | Lair:1   | Identified the +5 spear "Gehog" {venom, rPois Int-4 Dex+3
                  | SInv}
 11913 | Lair:1   | Noticed Tutankhamun's ghost (journeyman OpBr)
 11922 | Lair:1   | Noticed a spriggan rider
 12175 | Lair:1   | Learned a level 4 spell: Animate Armour
 12196 | Lair:1   | Noticed a seven-headed hydra
 12208 | Lair:1   | Killed a seven-headed hydra
 12592 | Lair:1   | Reached skill level 5 in Spellcasting
 12720 | Lair:2   | Identified the +1 pair of boots "Rotzihydd" {rN++}
 13280 | Lair:2   | Reached *** piety under Wu Jian
 13499 | Lair:2   | Reached skill level 14 in Earth Magic
 13719 | Lair:2   | Reached XP level 12. HP: 73/100 MP: 13/20
 13901 | Lair:2   | Found a runed translucent door.
 13901 | Lair:2   | Noticed Ciovowug's ghost (journeyman DrTm)
 14844 | Lair:2   | Identified a scroll of acquirement
 14845 | Lair:2   | Acquired 595 gold pieces
 15220 | Lair:3   | Reached skill level 5 in Fighting
 15697 | Lair:3   | Found a staircase to the Snake Pit.
 15965 | Lair:3   | Reached skill level 15 in Earth Magic
 16090 | Lair:3   | Noticed a catoblepas
 16598 | Lair:3   | Found a staircase to the Shoals.
 17022 | Lair:3   | Killed a catoblepas
 17994 | Lair:4   | Gained mutation: You can use your snake-like lower body to
                  | constrict enemies. [Naga growth]
 17994 | Lair:4   | Reached XP level 13. HP: 99/114 MP: 14/24
 18027 | Lair:4   | Reached **** piety under Wu Jian
 18346 | Lair:3   | Reached skill level 16 in Earth Magic
 18530 | Lair:4   | Found a runed translucent door.
 18530 | Lair:4   | Noticed Tinylith's ghost (journeyman DsBe)
 20079 | Lair:5   | Found a runed translucent door.
 20097 | Lair:5   | Found a shimmering altar of Xom.
 20097 | Lair:5   | Noticed Cuirinieja's ghost (journeyman DECj)
 21059 | Lair:6   | Entered Level 6 of the Lair of Beasts
 21066 | Lair:6   | Noticed Rupert
 21222 | Lair:6   | Found a viscous altar of Jiyva.
 21222 | Lair:6   | Found a staircase to the Slime Pits.
 22954 | D:8      | Got Sif Muna's Almanac of Attacks
 23121 | D:3      | Bought the +2 shield of Resistance {rF++ rC++ Will++} for
                  | 1038 gold pieces
 23121 | D:3      | Found the +2 shield of Resistance {rF++ rC++ Will++}
 24335 | D:10     | Entered Level 10 of the Dungeon
 24386 | D:10     | Found Xofanuez's Antique Weapon Boutique.
 24695 | D:10     | Found a broken altar of Ashenzari.
 25444 | D:11     | Reached skill level 17 in Earth Magic
 25547 | D:11     | Identified the -2 tower shield of Jigsaw {Drain rC++ Slay+3
                  | SInv}
 25574 | D:11     | Reached XP level 14. HP: 127/127 MP: 15/26
 25814 | D:11     | Reached ***** piety under Wu Jian
 25873 | D:11     | Reached skill level 5 in Shields
 27519 | D:12     | Found a staircase to the Orcish Mines.
 27530 | Orc:1    | Entered Level 1 of the Orcish Mines
 28321 | Orc:1    | Found a shimmering blue altar of Sif Muna.
 28426 | Orc:1    | Found Ysirobe's Book Emporium.
 28462 | Orc:1    | Bought the Reference Book on Confrontation for 520 gold
                  | pieces
 28469 | Orc:1    | Learned a level 6 spell: Iron Shot
 28475 | Orc:1    | Learned a level 5 spell: Iskenderun's Battlesphere
 29050 | D:3      | Bought an ancient ring mail for 144 gold pieces
 29050 | D:3      | Identified the +0 ring mail of Lies {Rampage rC+ rN+ Will+}
                  | (You bought it in a shop on level 3 of the Dungeon)
 29285 | Orc:2    | Entered Level 2 of the Orcish Mines
 29340 | Orc:2    | Noticed Urug
 29361 | Orc:2    | Killed Urug
 30210 | Orc:2    | Noticed Snorg
 30840 | Orc:2    | Killed Snorg
 31006 | Orc:2    | Reached skill level 5 in Conjurations
 31580 | Orc:2    | Noticed an orc warlord
 31917 | Orc:2    | Found a staircase to the Elven Halls.
 32867 | Orc:2    | Found Xih Ponu's Distillery.
 32903 | Orc:2    | Found Kawoe's Magic Scroll Emporium.
 33017 | Orc:2    | Bought a potion of brilliance for 48 gold pieces
 33019 | Orc:2    | Bought a scroll of identify for 36 gold pieces
 33019 | Orc:2    | Bought a scroll of identify for 36 gold pieces
 33019 | Orc:2    | Bought a scroll of noise for 18 gold pieces
 33019 | Orc:2    | Bought a scroll of amnesia for 63 gold pieces
 33453 | Orc:2    | Reached XP level 15. HP: 127/135 MP: 14/28
 33600 | Orc:2    | Reached skill level 18 in Earth Magic
 33663 | Orc:2    | Reached skill level 10 in Spellcasting
 34107 | Orc:2    | Found Peehaq's Book Shop.
 34107 | Orc:2    | Found a one-way gate leading to the halls of Pandemonium.
 34107 | Orc:2    | Found Zestoem's Antique Armour Boutique.
 34111 | Orc:2    | Bought a glowing cloak for 240 gold pieces
 34228 | Orc:2    | Reached ****** piety under Wu Jian
 34240 | Orc:2    | Killed an orc warlord
 35763 | Lair:6   | Identified the +1 chain mail of Eshoh {rPois}
 35849 | Lair:6   | Killed Rupert
 36365 | Lair:6   | Learned a level 3 spell: Spider Form
 37050 | D:12     | Identified the +10 falchion "Uduel" {vorpal, Will- Str+8}
 37395 | D:12     | Reached skill level 1 in Evocations
 37813 | D:12     | Found Etiuruyt's Self-Improvement Boutique.
 38872 | D:13     | Noticed Azrael
 38944 | D:13     | Killed Azrael
 39563 | D:13     | Reached XP level 16. HP: 141/144 MP: 30/30
 39584 | D:13     | Noticed Maurice
 39599 | D:13     | Killed Maurice
 39930 | D:13     | Found a gate to the Vaults.
 39949 | D:13     | Reached skill level 10 in Conjurations
 40009 | D:13     | Reached skill level 19 in Earth Magic
 40357 | D:14     | Found a bloodstained altar of Trog.
 40819 | D:14     | Found Bajusot's Antique Armour Shoppe.
 41555 | D:14     | You fall into a shaft and drop 1 floor!
 41555 | D:15     | Entered Level 15 of the Dungeon
 41592 | D:15     | Found a runed translucent door.
 41603 | D:15     | Found a runed translucent door.
 41859 | Orc:2    | Bought a book of Unlife for 468 gold pieces
 41865 | Orc:2    | Learned a level 5 spell: Borgnjor's Vile Clutch
 42375 | D:14     | Reached skill level 1 in Necromancy
 43166 | D:15     | Found a runed translucent door.
 43246 | D:15     | Found a runed translucent door.
 43550 | D:15     | Noticed Jorgrun
 43559 | D:15     | Killed Jorgrun
 43583 | D:15     | Found a staircase to the Depths.
 44359 | Snake:1  | Entered Level 1 of the Snake Pit
 44394 | Snake:1  | Noticed Nikola
 44402 | Snake:1  | Killed Nikola
 44548 | Snake:1  | Found a frozen archway.
 44595 | Snake:1  | Reached skill level 20 in Earth Magic
 44705 | IceCv    | Entered an ice cave
 44839 | IceCv    | Found a transporter.
 44855 | IceCv    | Found a transporter.
 45067 | IceCv    | Identified the amulet "Egryffia" {Reflect Int+4 SH+5}
 45541 | Snake:1  | Reached XP level 17. HP: 145/150 MP: 27/31
 46082 | Snake:1  | Noticed Asterion
 46268 | Snake:1  | Killed Asterion
 46551 | Snake:1  | Noticed Mlioglotl
 46560 | Snake:1  | Killed Mlioglotl
 47484 | Snake:2  | Noticed Donald
 47501 | Snake:2  | Killed Donald
 47690 | Snake:2  | Noticed Louise
 47703 | Snake:2  | Killed Louise
 50493 | Shoals:1 | Entered Level 1 of the Shoals
 50825 | Shoals:1 | Learned a level 4 spell: Iskenderun's Mystic Blast
 51166 | Shoals:1 | Reached skill level 1 in Translocations
 51587 | Shoals:1 | Found a hide-covered altar of Uskayaw.
 51601 | Shoals:1 | Reached skill level 10 in Fighting
 51986 | Shoals:1 | Reached skill level 10 in Shields
 52326 | Shoals:1 | Reached XP level 18. HP: 123/160 MP: 9/32
 52540 | Shoals:2 | Found a transporter.
 52546 | Shoals:2 | Reached skill level 21 in Earth Magic
 52635 | Shoals:2 | Learned a level 3 spell: Mephitic Cloud
 53229 | Orc:2    | Bought a book of Transfigurations for 520 gold pieces
 53235 | Orc:2    | Learned a level 5 spell: Irradiate
 53534 | Shoals:2 | Found a transporter.
 53538 | Shoals:2 | Noticed Acheron's ghost (journeyman DsAr)
 53561 | Shoals:2 | Reached skill level 10 in Transmutations
 53561 | Shoals:2 | Reached skill level 1 in Poison Magic
 53947 | Shoals:2 | You fall into a shaft and drop 1 floor!
 54178 | Shoals:3 | Noticed Polyphemus
 54186 | Shoals:3 | Killed Polyphemus
 54201 | Shoals:3 | Reached skill level 1 in Maces & Flails
 54470 | Shoals:3 | Noticed Kirke
 54474 | Shoals:3 | Killed Kirke
 54629 | Shoals:3 | Noticed Mara
 54637 | Shoals:3 | Noticed RepoMan's illusion
 54637 | Shoals:3 | Killed Mara
 54835 | Shoals:3 | Found Okofyg's Weapon Shop.
 54838 | Shoals:3 | Noticed Ilsuiw
 55035 | Shoals:3 | Killed Ilsuiw
 55264 | Shoals:3 | Acquired the Guide on the Mountains and the Glacier
 55274 | Shoals:3 | Learned a level 6 spell: Statue Form
 55598 | Shoals:4 | Entered Level 4 of the Shoals
 55755 | Shoals:4 | Identified Roxanne's Almanac of Clay
 55755 | Shoals:4 | Noticed Roxanne
 56926 | Shoals:4 | Identified the +2 robe of Zyckush {rCorr MP+9 Int+4}
 56939 | Shoals:4 | Reached skill level 5 in Maces & Flails
 57361 | Shoals:4 | Reached XP level 19. HP: 123/168 MP: 25/34
 57950 | Shoals:4 | Got a barnacled rune of Zot
 58011 | Shoals:4 | Killed Roxanne
 58340 | Snake:4  | Entered Level 4 of the Snake Pit
 58402 | Snake:4  | Reached skill level 22 in Earth Magic
 58556 | Snake:4  | Found a shimmering blue altar of Sif Muna.
 60164 | Snake:4  | Got a serpentine rune of Zot
 60826 | Elf:1    | Entered Level 1 of the Elven Halls
 60827 | Elf:1    | Paralysed by an air elemental for 1 turns
 60830 | Elf:1    | Paralysed by an air elemental for 1 turns
 60844 | Elf:1    | Paralysed by an air elemental for 1 turns
 61153 | Elf:1    | Paralysed by an air elemental for 1 turns
 61530 | Elf:1    | Paralysed by an air elemental for 1 turns
 61532 | Elf:1    | Paralysed by an air elemental for 1 turns
 61561 | Elf:1    | Got the Handbook of Venom and Transmutation
 61567 | Elf:1    | Learned a level 3 spell: Ignite Poison
 61572 | Elf:1    | Learned a level 4 spell: Olgreb's Toxic Radiance
 61655 | Elf:1    | Reached XP level 20. HP: 181/181 MP: 9/36
 61774 | Elf:1    | Got the Papyrus of Calling
 62072 | Elf:2    | Found a shimmering altar of Xom.
 62326 | Elf:2    | Found a runed translucent gate.
 62327 | Elf:2    | Found a runed translucent gate.
 62327 | Elf:2    | Found a runed translucent gate.
 62345 | Elf:2    | Reached skill level 10 in Maces & Flails
 62345 | Elf:2    | Reached skill level 5 in Poison Magic
 63176 | Elf:3    | Entered Level 3 of the Elven Halls
 63251 | Elf:3    | Paralysed by an air elemental for 1 turns
 63414 | Elf:3    | Paralysed by an air elemental for 1 turns
 63490 | Elf:3    | Paralysed by an air elemental for 1 turns
 63864 | Elf:3    | Identified the +7 flail "Giant's Death" {flame, *Rage rPois
                  | rF+ Str+2}
 63990 | Elf:3    | Identified the ring of the Ant {rF+ rCorr}
 63998 | Elf:3    | Noticed a Tzitzimitl
 64024 | Elf:3    | Noticed a Brimstone Fiend
 64628 | Elf:3    | Identified the +8 spear of Anguish {flame, Will+ Dex+6}
 64630 | Elf:3    | Reached XP level 21. HP: 182/185 MP: 23/38
 64838 | Elf:3    | Identified the +1 leather armour "Amnoc" {Str+4 Stlth+}
 65568 | Vaults:1 | Entered Level 1 of the Vaults
 65973 | Vaults:1 | Reached skill level 23 in Earth Magic
 66071 | Vaults:1 | Found a portal to a secret trove of treasure.
 67824 | Vaults:2 | Reached XP level 22. HP: 202/202 MP: 28/39
 68605 | Vaults:2 | Found Aczoa's Weapon Shoppe.
 69066 | Vaults:2 | Found a staircase to the Crypt.
 69188 | Vaults:2 | Found Emuankil's Jewellery Boutique.
 69696 | Vaults:3 | Reached skill level 5 in Stealth
 69969 | Vaults:3 | Identified the +2 scale mail "Rilal" {+Inv}
 70299 | Vaults:3 | Got the Volume of Feathers and Transformation
 71620 | Vaults:4 | Reached skill level 5 in Dodging
 71786 | Vaults:4 | Identified the +0 leather armour "Push" {Str+2 Stlth+}
 71981 | Vaults:4 | Reached XP level 23. HP: 212/212 MP: 30/41
 71982 | Vaults:4 | Noticed Bai Suzhen
 72474 | Vaults:4 | Killed Bai Suzhen
 73089 | Depths:1 | Entered Level 1 of the Depths
 73128 | Depths:1 | Reached skill level 15 in Maces & Flails
 73212 | Depths:1 | Found a gateway to Hell.
 74028 | Depths:1 | Found Nocesicifo's Book Shoppe.
 74032 | Depths:1 | Found Mirymm's Assorted Antiques.
 74034 | Depths:1 | Found Runewn's Antique Weapon Shoppe.
 74040 | Depths:1 | Bought a scroll of teleportation for 90 gold pieces
 74246 | Depths:1 | Found an ornate altar of the Wu Jian Council.
 75117 | Depths:2 | Identified the +5 spear of the Thoughtful Ears {flame,
                  | rPois rC+ Str-5}
 75174 | Depths:2 | Identified the +0 ring mail of Gravity {rF+ Regen+ Dex-5
                  | SInv}
 75373 | Depths:2 | Noticed a juggernaut
 75382 | Depths:2 | Killed a juggernaut
 75587 | Depths:3 | Found a one-way gateway to a ziggurat.
 75589 | Depths:3 | Found a one-way gate to the infinite horrors of the Abyss.
 75638 | Depths:3 | Found a flickering gateway to a bazaar.
 75647 | Bazaar   | Entered a bazaar
 75647 | Bazaar   | Found Vief's Armour Shoppe.
 75647 | Bazaar   | Found Wemofyig's Weapon Emporium.
 75649 | Bazaar   | Found Zaific's General Store.
 75649 | Bazaar   | Found Piostrao's Antique Armour Emporium.
 75686 | Bazaar   | Bought an ichor-stained robe for 102 gold pieces
 75686 | Bazaar   | Identified the +2 robe of Sahem {Harm rElec Stlth+} (You
                  | bought it in a shop in a bazaar)
 75686 | Bazaar   | Bought a glowing helmet for 135 gold pieces
 75702 | Bazaar   | Acquired the +6 lightning scales {swift, rElec}
 75702 | Bazaar   | Found the +6 lightning scales {swift, rElec}
 76070 | Depths:3 | Found a radiant altar of Vehumet.
 76658 | Depths:4 | Entered Level 4 of the Depths
 76787 | Depths:4 | Noticed a caustic shrike
 76787 | Depths:4 | Noticed a caustic shrike
 76787 | Depths:4 | Noticed a caustic shrike
 76792 | Depths:4 | Killed a caustic shrike
 76798 | Depths:4 | Killed a caustic shrike
 76801 | Depths:4 | Killed a caustic shrike
 77048 | Depths:4 | Acquired 1074 gold pieces
 77410 | Depths:4 | Found a gate to the Realm of Zot.
 77410 | Depths:4 | Noticed a golden dragon
 77410 | Depths:4 | Noticed a golden dragon
 77424 | Depths:4 | Killed a golden dragon
 77433 | Depths:4 | Killed a golden dragon
 77963 | Depths:4 | Reached XP level 24. HP: 223/223 MP: 37/41
 78432 | Depths:4 | Learned a level 5 spell: Yara's Violent Unravelling
 78695 | Crypt:1  | Entered Level 1 of the Crypt
 79920 | Crypt:2  | Found a magical portal.
 79925 | WizLab   | Entered Wucad Mu's Monastery
 80796 | WizLab   | Reached skill level 24 in Earth Magic
 80796 | WizLab   | Reached XP level 25. HP: 231/231 MP: 41/41
 81057 | Crypt:2  | Reached skill level 15 in Fighting
 81114 | Crypt:2  | Noticed Khufu
 81114 | Crypt:2  | Noticed a royal mummy
 81126 | Crypt:2  | Killed a royal mummy
 81143 | Crypt:2  | Killed Khufu
 82119 | Crypt:3  | Entered Level 3 of the Crypt
 82604 | Crypt:3  | Found a staircase to the Tomb.
 82619 | Crypt:3  | Found the +8 Vampire's Tooth {vamp}
 82654 | Crypt:3  | Identified the +4 scale mail "Jaxuedidd" {Will+}
 82949 | Crypt:3  | Identified the +6 quarterstaff of the Spider Nest {flame,
                  | *Noise rPois Will+}
 83196 | Crypt:3  | Identified the +8 dagger of Yeast {protect, Will- rCorr
                  | Str+2 Dex+2}
 83344 | Crypt:3  | Found an ancient bone altar of Kikubaaqudgha.
 83358 | Crypt:3  | Reached skill level 5 in Necromancy
 83403 | Crypt:3  | Noticed a dread lich
 83409 | Crypt:3  | Killed a dread lich
 83423 | Crypt:3  | Got the Disquisition on Changing and Attacks
 83432 | Crypt:3  | Learned a level 2 spell: Sublimation of Blood
 83435 | Crypt:3  | Learned a level 2 spell: Wereblood
 83916 | Vaults:5 | Entered Level 5 of the Vaults
 83933 | Vaults:5 | Reached XP level 26. HP: 208/243 MP: 33/41
 84020 | Vaults:5 | Noticed Margery
 84025 | Vaults:5 | Identified the +5 hand crossbow of the Ageing Scorpion
                  | {venom, rC+ rCorr Int-2}
 84026 | Vaults:5 | Killed Margery
 84378 | Vaults:5 | Found the +8 frozen axe "Frostbite" {freezing cloud, *Noise
                  | Fly rC+}
 84446 | Vaults:5 | Identified the ring of Hizos {rC+ Int+3}
 84457 | Vaults:5 | Identified the ring of the Messenger {rC+ Will+ MP+9}
 85075 | Vaults:5 | Got a silver rune of Zot
 85172 | Vaults:5 | Got Ytrex's Guide on the Birds
 85390 | Vaults:5 | Identified the +3 scale mail of Qazlal's Regard {rN+ Will+
                  | Str+4}
 85871 | Vaults:5 | Identified the +1 ring mail "Hifru" {Rampage Str+3}
 85873 | Vaults:5 | Found the +9 staff of Wucad Mu {*channel}
 85885 | Vaults:5 | Found Zeorores's Book Shop.
 86047 | Vaults:5 | Identified the +7 halberd of the Leaping Stoat {vorpal,
                  | +Blink Str+5}
 86772 | Slime:1  | Entered Level 1 of the Pits of Slime
 86979 | Slime:5  | Entered Level 5 of the Pits of Slime
 87317 | Slime:5  | Reached XP level 27. HP: 255/255 MP: 27/41
 87526 | Slime:5  | Noticed Dissolution
 87547 | Slime:5  | Killed Dissolution
 87548 | Slime:5  | Reached skill level 15 in Shields
 87710 | Slime:5  | Reached skill level 15 in Transmutations
 87967 | Slime:5  | Noticed the Royal Jelly
 88315 | Slime:5  | Found a viscous altar of Jiyva.
 88540 | Slime:5  | Killed the Royal Jelly
 88585 | Slime:5  | Got Dykkegge's Guide on Creative Flight
 88591 | Slime:5  | Identified the +2 spear of Karma {vorpal, *Corrode Will+
                  | Int+4 Dex+3}
 88600 | Slime:5  | Identified the ring "Elle Dia" {EV+4 Int+6}
 88606 | Slime:5  | Got a slimy rune of Zot
 88614 | Slime:5  | Identified the +7 great sword of Wesy {pain, Str+2 Int+3
                  | Dex+2}
 88644 | Slime:5  | Got the Catalogue of Unholy Venom
 88665 | Slime:5  | Got Uceolix's Disquisition on Summoning
 88677 | Slime:5  | Identified the +0 ring mail of the Eight Boll Weevils
                  | {Harm}
 88851 | Lair:5   | Killed Cuirinieja's ghost
 88907 | Lair:4   | Killed Tinylith's ghost
 89063 | Lair:2   | Killed Ciovowug's ghost
 89162 | Lair:1   | Killed Tutankhamun's ghost
 89308 | Shoals:2 | Killed Acheron's ghost
 89361 | Shoals:2 | Identified the ring of Bagerch {+Blink Str+6}
 89365 | Shoals:2 | Identified the +2 whip "Feklur" {vorpal, *Slow rPois rCorr
                  | SInv}
 89765 | Vaults:1 | You showed the slimy rune of Zot to enter a treasure trove
 89766 | Trove    | Entered a treasure trove
 89780 | Trove    | Got Sif Muna's Reference Book on Stolen Souls
 89789 | Trove    | Got Sif Muna's Disquisition on Ashen Unholy Rites
 89795 | Trove    | Got Rizih's Volume of Cankerous Flames
 90032 | Pan      | Entered Pandemonium
 90085 | Pan      | Paralysed by accursed screaming for 1 turns
 90216 | Pan      | Reached skill level 10 in Necromancy
 90274 | Pan      | Identified the +3 leather armour of the Orb {rElec rN+++
                  | Str-3 Int+4}
 90413 | Pan      | Noticed Xium the pandemonium lord
 90424 | Pan      | Killed Xium the pandemonium lord
 90425 | Pan      | Reached skill level 15 in Spellcasting
 90663 | Pan      | Got a demonic rune of Zot
 90673 | Pan      | Identified the +4 morningstar "Stringbean" {drain, Stlth+}
 91064 | Pan      | Noticed Yngekkelo the pandemonium lord
 91071 | Pan      | Gained mutation: You sometimes lose the ability to read
                  | scrolls when taking damage. [a cacodemon]
 91075 | Pan      | Killed Yngekkelo the pandemonium lord
 91503 | Pan      | Identified the +2 mace of Reapportionment {vorpal, *Corrode
                  | rElec rF- rN+++}
 91548 | Pan      | Entered the realm of Mnoleg.
 91673 | Pan      | Gained mutation: You are dopey. (Int -2) [a neqoxec]
 92009 | Pan      | Gained mutation: You have hidden genetic defects. [a
                  | neqoxec]
 92017 | Pan      | Lost mutation: You sometimes lose the ability to read
                  | scrolls when taking damage. [potion of mutation]
 92017 | Pan      | Lost mutation: You are dopey. (Int -2) [potion of mutation]
 92017 | Pan      | Lost mutation: You have hidden genetic defects. [potion of
                  | mutation]
 92017 | Pan      | Gained mutation: Your flesh is heat resistant. (rF+)
                  | [potion of mutation]
 92039 | Pan      | Gained mutation: You are robust. (+10% HP) [a cacodemon]
 92190 | Pan      | Noticed Mnoleg
 92207 | Pan      | Killed Mnoleg
 92225 | Pan      | Got a glowing rune of Zot
 92288 | Pan      | Gained mutation: You occasionally shout uncontrollably at
                  | your foes. [a cacodemon]
 92290 | Pan      | Lost mutation: You are robust. (+10% HP) [a neqoxec]
 92292 | Pan      | Gained mutation: You are weak. (Str -2) [a cacodemon]
 92439 | Pan      | Learned a level 5 spell: Lee's Rapid Deconstruction
 92450 | Pan      | Entered the realm of Lom Lobon.
 92519 | Pan      | Reached skill level 25 in Earth Magic
 92584 | Pan      | Found an exit through the horrors of the Abyss.
 93124 | Pan      | Noticed Lom Lobon
 93142 | Pan      | Killed Lom Lobon
 93483 | Pan      | Got a magical rune of Zot
 93626 | Pan      | Entered the realm of Cerebov.
 93794 | Pan      | Found an exit through the horrors of the Abyss.
 93960 | Pan      | Identified the +12 hand axe "Giantbane" {flame, Dex+4}
 94074 | Pan      | Found the +6 sword of Cerebov {flame}
 94074 | Pan      | Noticed Cerebov
 94491 | Pan      | Identified the ring of Wapeur {Str+6 Int+3}
 94517 | Pan      | Learned a level 1 spell: Apportation
 94523 | Pan      | Identified the +9 shortbow of the Nine Nights {flame, Will+
                  | rCorr Stlth+}
 94542 | Pan      | Identified the +6 hand axe of Starshine {venom, *Slow rCorr
                  | Int+4 Stlth+}
 94542 | Pan      | Identified the amulet of Sif Muna's Delight {Faith rF+
                  | rCorr}
 94598 | Pan      | Got the Compendium of the Unseen Realm
 95202 | Pan      | Killed Cerebov
 95525 | Pan      | Got a fiery rune of Zot
 95598 | Pan      | Noticed Rusm the pandemonium lord
 95747 | Pan      | Entered the realm of Gloorx Vloq.
 95780 | Pan      | Learned a level 8 spell: Necromutation
 96191 | Pan      | Found an exit through the horrors of the Abyss.
 96453 | Pan      | Noticed Gloorx Vloq
 96465 | Pan      | Killed Gloorx Vloq
 96731 | Pan      | Got a dark rune of Zot
 96879 | Pan      | Took an exit into the Abyss.
 96879 | Abyss:1  | Escaped into the Abyss
 96925 | Abyss:1  | Found a corrupted altar of Lugonu.
 97259 | Abyss:1  | Gained mutation: Your spells are a little easier to cast,
                  | but a little less powerful. [a neqoxec]
 97405 | Depths:2 | Escaped the Abyss
 97595 | Depths:2 | Lost mutation: Your flesh is heat resistant. (rF+) [potion
                  | of mutation]
 97595 | Depths:2 | Lost mutation: You occasionally shout uncontrollably at
                  | your foes. [potion of mutation]
 97595 | Depths:2 | Gained mutation: You are dopey. (Int -2) [potion of
                  | mutation]
 97595 | Depths:2 | Gained mutation: You possess an exceptional clarity of
                  | mind. [potion of mutation]
 97596 | Depths:2 | Lost mutation: You are weak. (Str -2) [potion of mutation]
 97596 | Depths:2 | Lost mutation: You possess an exceptional clarity of mind.
                  | [potion of mutation]
 97596 | Depths:2 | Gained mutation: You are partially covered in iridescent
                  | scales. (AC +2) [potion of mutation]
 97596 | Depths:2 | Lost mutation: You are dopey. (Int -2) [potion of mutation]
 97660 | Zot:1    | Entered Level 1 of the Realm of Zot
 97660 | Zot:1    | Noticed an orb of fire
 97662 | Zot:1    | Gained mutation: You are robust. (+10% HP) [an orb of fire]
 97666 | Zot:1    | Gained mutation: Your body sometimes deteriorates upon
                  | taking damage. [an orb of fire]
 97667 | Zot:1    | Gained mutation: You are dopey. (Int -2) [an orb of fire]
 97671 | Zot:1    | Killed an orb of fire
 97977 | Depths:4 | Lost mutation: You are dopey. (Int -2) [potion of mutation]
 97977 | Depths:4 | Lost mutation: You are partially covered in iridescent
                  | scales. (AC +2) [potion of mutation]
 98044 | Depths:3 | Voluntarily entered the Abyss.
 98087 | Abyss:2  | Identified the ring of Fixation {Wiz rF+++ Will++ Dex-4
                  | Slay-3}
 98268 | Abyss:3  | Found a corrupted altar of Lugonu.
 98357 | Abyss:3  | Paralysed by accursed screaming for 1 turns
 98438 | Depths:3 | Escaped the Abyss
 98737 | Depths:3 | Voluntarily entered the Abyss.
 98782 | Abyss:2  | Found a corrupted altar of Lugonu.
 99112 | Abyss:4  | Got an abyssal rune of Zot
 99115 | Depths:3 | Escaped the Abyss
 99219 | Zig:1    | Entered Level 1 of a ziggurat
 99233 | Zig:1    | Identified the +1 ring mail of Zuclounn {Contam rN++}
 99236 | Zig:2    | Entered Level 2 of a ziggurat
 99264 | Zig:3    | Entered Level 3 of a ziggurat
 99267 | Zig:3    | Noticed an ancient lich
 99273 | Zig:3    | Killed an ancient lich
 99282 | Zig:3    | Identified the +6 great sword of Massacring {venom, rF++
                  | Str-2 SInv}
 99298 | Zig:4    | Entered Level 4 of a ziggurat
 99325 | Zig:4    | Identified the amulet of Wobusk {Acrobat rElec}
 99421 | Zig:5    | Entered Level 5 of a ziggurat
 99452 | Zig:5    | Identified the +0 leather armour "Ceimiok" {Will+ Dex+4}
 99457 | Zig:5    | Identified the +6 mace of Ghostly Exoneration {holy, rF+
                  | rCorr}
 99562 | Zig:6    | Entered Level 6 of a ziggurat
 99567 | Zig:6    | Noticed Rycw the pandemonium lord
 99588 | Zig:6    | Killed Rycw the pandemonium lord
 99620 | Zig:6    | Lost mutation: You are robust. (+10% HP) [potion of
                  | mutation]
 99620 | Zig:6    | Lost mutation: Your spells are a little easier to cast, but
                  | a little less powerful. [potion of mutation]
 99620 | Zig:6    | Gained mutation: Your mind is acute. (Int +2) [potion of
                  | mutation]
 99620 | Zig:6    | Gained mutation: You have hidden genetic defects. [potion
                  | of mutation]
 99620 | Zig:6    | Lost mutation: You have hidden genetic defects. [potion of
                  | mutation]
 99628 | Zig:6    | Learned a level 5 spell: Manifold Assault
 99832 | Hell     | Entered the Vestibule of Hell
 99835 | Hell     | Noticed Geryon
 99844 | Hell     | Killed Geryon
100699 | Hell     | Found a gateway to the freezing wastes of Cocytus.
100778 | Hell     | Found a gateway to the decaying netherworld of Tartarus.
100803 | Hell     | Found a gateway to the ashen valley of Gehenna.
100903 | Hell     | Found a gateway to the Iron City of Dis.
101137 | Dis:1    | Entered Level 1 of the Iron City of Dis
101508 | Dis:3    | Noticed an ancient lich
101513 | Dis:3    | Reached skill level 5 in Translocations
101527 | Dis:3    | Killed an ancient lich
101531 | Dis:3    | HP: 21/526 [iron golem[an iron giant] (8)]
101532 | Dis:3    | HP: 3/526 [iron golem[an iron giant] (19)]
101532 | Dis:3    | Annihilated by an iron golem

Illustrated notes

Levels and vault maps discovered:
D:1:      ebering_trefoil_3fold, layout_loops_corners, serial_shops,
          nicolae_lakefront_shop, minivault_25
D:2:      layout_basic, basic_altar, minmay_circle_x
D:3:      layout_loops_ring, nemelex_dance_club_becter,
          hellmonk_ecumenical_altar_watching_god, serial_shops, shop
D:4:      cheibrodos_old_hovel, layout_basic, lemuel_tele_altar,
          minmay_temple_entry_trees, lightli_ossuary_entry_decrepit_ruins
D:5:      layout_loops_ring, nicolae_uskayaw_suspiria
D:6:      layout_basic, lemuel_flamethrower_1
D:7:      layout_basic, enter_bailey_5, minmay_misc_feat_doors
D:8:      layout_loops_ring, nzn_overflow_gifts_of_might_and_magic,
          david_lair_generic, serial_shops, kennysheep_little_box
D:9:      layout_cross, amcnicky_mini_corridor_feature, grunt_ministairs_5
D:10:     layout_long_grid, ashenzari_altar_1, serial_shops, shop_fountains,
          minmay_diced_spiral
D:11:     layout_irregular_city, serial_glass, glass_columns_c, glass_columns_c,
          minmay_holes, hangedman_decor_riveting
D:12:     nicolae_cairo_tiling, layout_basic, orc_0_dummy,
          nicolae_shop_self_help
D:13:     layout_roguey, lightli_vaults_fourway_checkpoint, uniq_azrael,
          uniq_maurice
D:14:     layout_roguey, serial_shops, nicolae_shop_trees, bloody_trog
D:15:     hangedman_depths_entry_civil_slaughter, layout_loops_corners,
          chequers_serial_rivers_micro_e, minmay_statue_crystal_thing,
          uniq_jorgrun
Temple:   regret_index_temple_sphere_string
Lair:1:   beast_lair_carwin_large_4, layout_loops_ring,
          ebering_ghost_funeral_grove, lemuel_fruit_fields
Lair:2:   layout_layer_cave, gammafunk_ghost_grave, serial_bayou_pond_a,
          beast_lair_carwin_11, lemuel_fruit_tree, grunt_megastairs_3
Lair:3:   layout_hall_layers, elwin_shoals_entry_rocks,
          minmay_snake_entry_six_corridors
Lair:4:   layout_hall_layers, ebering_ghost_reflecting_pool, ice2_lemuel,
          grunt_megastairs_5
Lair:5:   layout_layer_cave, ebering_ghost_xom, pond, infiniplex_staircase_pool,
          serial_bayou_shore_a, lemuel_fruit_fields
Lair:6:   gammafunk_lair_ancient_temple, layout_regular_city, slime_altar_1,
          uniq_rupert
Shoals:1: layout_shoals, regret_index_shoals_crete
Shoals:2: layout_shoals, ebering_ghost_davey_jones
Shoals:3: layout_shoals, serial_shops,
          nicolae_shop_temple_entry_statues_fountains, uniq_polyphemus,
          uniq_ilsuiw, uniq_kirke, uniq_mara
Shoals:4: shoals_end_grunt_garden, layout_shoals, uniq_roxanne
Snake:1:  layout_layer_cave, portal_ice_cave_entry_pillars_1, uniq_nikola,
          uniq_mlioglotl, uniq_asterion
Snake:2:  layout_gridlike, uniq_donald, uniq_louise
Snake:3:  layout_onion
Snake:4:  grunt_snake_rune_spirals, layout_onion_interference, basic_altar
Slime:1:  layout_caves
Slime:2:  layout_caves
Slime:3:  layout_caves
Slime:4:  layout_caves
Slime:5:  uniq_dissolution
Orc:1:    layout_diamond_mine, serial_shops, shop_statue,
          kennysheep_orc_sif_temple
Orc:2:    pf_orc_diabolical, layout_caves, sword_in_stone, uniq_snorg
Elf:1:    nicolae_elf_arrival_aired_out, layout_loops_cross,
          minmay_elf_demonology, drop_trap, minivault_16
Elf:2:    nicolae_elf_blades_crystal_corner, layout_loops_cross, basic_altar,
          serial_glass, glass_columns_b, glass_columns_b
Elf:3:    minmay_elf_hall_statues, layout_rooms, drop_trap,
          minmay_misc_feat_ornament
Vaults:1: hangedman_vaults_nails, st_smaller_cells, hangedman_vaults_nails,
          nicolae_vaults_shelves_hall, nicolae_vaults_mini_display_case,
          hangedman_vaults_river_flow, grunt_vaults_swirl,
          ontoclasm_vaults_gateway, vaults_room_corners, layout_vaults_omnigrid,
          enter_trove_0
Vaults:2: vaults_room_corners, nicolae_vaults_network_quinsquares
          [nicolae_vaults_network_quincunx_subvault,
          nicolae_vaults_network_quincunx_subvault,
          nicolae_vaults_network_quincunx_subvault,
          nicolae_vaults_network_quincunx_subvault], st_lines, v_misc_12,
          nicolae_vaults_little_squares_4, minmay_crypt_entry_simple_round,
          hangedman_vaults_corner_blocks, nicolae_vaults_angled_halls,
          vaults_room_semicircle, v_misc_29, nicolae_vaults_specimen_jars,
          layout_vaults_omnibox, serial_shops,
          nicolae_shop_bloodbath_and_beyond, nicolae_square_shop
Vaults:3: nicolae_vaults_little_squares_2, nicolae_vaults_little_squares_6,
          v_misc_14, hangedman_vaults_unwind, nicolae_vaults_puzzle_piece,
          grunt_vaults_hallway_long, hangedman_vaults_pinch,
          vaults_room_large_hall, v_misc_27, ontoclasm_vaults_spin,
          vaults_room_pools, nicolae_vaults_little_squares_4,
          layout_vaults_ring, serial_shops
Vaults:4: v_alt_pattern_4, vaults_mumra_bighexcomb, v_misc_24, vaults_dpeg_ring,
          hangedman_vaults_corner_blocks, hangedman_vaults_nails,
          hangedman_vaults_trim, vaults_room_door_ring,
          layout_vaults_chaotic_city, uniq_bai_suzhen
Vaults:5: uniq_margery
Crypt:1:  layout_chaotic_city
Crypt:2:  ragdoll_tomb_raider, layout_chaotic_city, mu_enter_wizlab_2,
          st_stairs_5, grunt_ministairs_14
Crypt:3:  quadcrypt_mu
Depths:1: layout_roguey, nzn_wu_jian_council_hall, hell_entry,
          nicolae_figureground_sparkle, minmay_shop_star, serial_bayou_shore_b,
          kennysheep_random_hallway
Depths:2: minmay_tri_box, layout_basic, minmay_misc_feat_diagonals, hell_entry,
          rand_demon_pan_entry_1
Depths:3: hellmonk_crumbling_castle, layout_cave_shapes, enter_ziggurat_e,
          abyss_entry, fiery_altar_vehumet, serial_shops, bzr_firewalk,
          pan_entry, grunt_hell_entry_dis_mu, infiniplex_staircase_squiggle
Depths:4: grunt_zot_entry_funnels, layout_honeycomb, minmay_misc_feat_plants,
          serial_co_window_serial, co_window_paths_a, co_window_paths_b,
          co_window_corner_a, co_window_of_opportunity_a,
          co_window_of_opportunity_a, co_window_unsneaky_path_a,
          co_window_unsneaky_path_e, co_window_paths_c, co_window_broadway_b,
          co_window_2corner, co_window_paths_d, glass_columns_b,
          glass_columns_b, glass_columns_a, glass_columns_a, glass_columns_a,
          hell_entry
Hell
Dis:1:    layout_regular_city
Dis:2:    layout_gridville
Dis:3:    layout_overlapping_boxes
Zot:1:    kennysheep_blocky_hall, layout_cathedral_of_symmetry, st_stairs_7

Skill      XL: |  1  2  3  4  5  6  7  8  9 10 11 12 13 14 15 16 17 18 19 20 21 22 23 24 25 26 27 |
---------------+----------------------------------------------------------------------------------+-----
Earth Magic    | 4 5 6 7 8 10 12 14 15 17 18 20 21 22 23 24 25 | 25.7
Transmutations | 2 3 4 5 7 8 9 10 11 12 13 14 18 | 18.6
Conjurations   | 1 2 4 6 9 10 11 12 | 12.0
Spellcasting   | 4 5 7 8 9 10 11 12 13 14 16 | 16.7
Shields        | 3 4 6 7 9 10 12 13 14 17 | 17.9
Fighting       | 4 6 8 9 10 11 12 13 14 15 16 20 | 20.3
Evocations     | 2 4 |  4.0
Necromancy     | 4 5 8 14 | 14.7
Translocations | 2 5 |  5.0
Poison Magic   | 4 7 |  7.0
Maces & Flails | 5 9 11 13 14 16 17 18 | 18.0
Dodging        | 3 5 6 7 |  7.5
Stealth        | 5 7 8 |  8.0

Action                   |  1- 3 |  4- 6 |  7- 9 | 10-12 | 13-15 | 16-18 | 19-21 | 22-24 | 25-27 || total
-------------------------+-------+-------+-------+-------+-------+-------+-------+-------+-------++-------
Melee: Dagger            |    12 |       |       |       |   267 |    63 |       |       |       ||   342
       Unarmed           |     4 |       |       |       |       |       |       |       |       ||     4
       Spear             |    29 |    66 |     4 |       |       |       |       |       |       ||    99
       Punch             |     2 |     1 |     1 |       |       |       |       |       |       ||     4
       Mace              |       |       |   276 |   121 |   101 |       |       |       |       ||   498
       Constrict         |       |       |       |       |   129 |    49 |   124 |   184 |   392 ||   878
       Staff             |       |       |       |       |     1 |       |       |       |       ||     1
       Demon whip        |       |       |       |       |       |   172 |   782 |  1024 |  1145 ||  3123
       Eveningstar       |       |       |       |       |       |       |       |   281 |  1784 ||  2065
Throw: Stone             |       |       |       |       |     3 |     1 |     4 |       |     2 ||    10
       Throwing net      |       |       |       |       |     2 |       |       |       |       ||     2
 Cast: Sandblast         |    16 |    49 |    51 |   109 |   158 |   165 |    18 |    20 |    24 ||   610
       Stone Arrow       |       |       |    51 |   227 |   369 |   128 |    13 |       |     4 ||   792
       Petrify           |       |       |     2 |    26 |    58 |     7 |     1 |       |     5 ||    99
       Animate Armour    |       |       |       |     3 |     8 |       |       |       |       ||    11
       Passwall          |       |       |       |       |    17 |     5 |     4 |     3 |     9 ||    38
       Iron Shot         |       |       |       |       |   172 |   179 |    30 |    30 |    55 ||   466
       Iskenderun's Batt |       |       |       |       |    20 |    51 |       |       |       ||    71
       Borgnjor's Vile C |       |       |       |       |       |   244 |   165 |   100 |   167 ||   676
       Iskenderun's Myst |       |       |       |       |       |     6 |     2 |       |     8 ||    16
       Mephitic Cloud    |       |       |       |       |       |    11 |     5 |       |       ||    16
       Irradiate         |       |       |       |       |       |     9 |     9 |    14 |    30 ||    62
       Statue Form       |       |       |       |       |       |     2 |    72 |    80 |   137 ||   291
       Ignite Poison     |       |       |       |       |       |       |    28 |    24 |     9 ||    61
       Olgreb's Toxic Ra |       |       |       |       |       |       |    30 |    23 |     9 ||    62
       Yara's Violent Un |       |       |       |       |       |       |       |       |    34 ||    34
       Lee's Rapid Decon |       |       |       |       |       |       |       |       |    42 ||    42
       Manifold Assault  |       |       |       |       |       |       |       |       |    11 ||    11
       Apportation       |       |       |       |       |       |       |       |       |     1 ||     1
       Necromutation     |       |       |       |       |       |       |       |       |     1 ||     1
Invok: Lunge             |       |       |     2 |     2 |    36 |    38 |    85 |    71 |   231 ||   465
       Whirlwind         |       |       |     1 |     5 |    23 |    17 |    74 |   165 |   663 ||   948
       Serpent's Lash    |       |       |       |       |     1 |       |       |       |     1 ||     2
       Heavenly Storm    |       |       |       |       |       |       |       |       |     4 ||     4
 Abil: Spit Poison       |    25 |    39 |    56 |    85 |   146 |    39 |    10 |       |     6 ||   406
       Wall Jump         |       |       |       |       |       |       |     2 |    10 |    15 ||    27
       End Transformatio |       |       |       |       |       |       |       |     2 |     8 ||    10
Evoke: Wand              |       |       |     2 |    18 |    24 |    11 |       |       |     7 ||    62
       Box of beasts     |       |       |       |       |       |     1 |       |       |     1 ||     2
       Tin of tremorston |       |       |       |       |       |       |     3 |     1 |       ||     4
       Phial of floods   |       |       |       |       |       |       |       |     1 |       ||     1
  Use: Scroll            |       |     6 |     5 |     9 |    20 |    35 |     4 |    17 |    23 ||   119
       Potion            |       |       |     1 |     1 |    13 |     9 |     4 |     2 |    23 ||    53
 Stab: Sleeping          |     5 |       |     2 |       |     3 |     3 |     3 |     4 |    11 ||    31
       Petrified         |       |       |    15 |    20 |    53 |     6 |       |       |       ||    94
       Petrifying        |       |       |     1 |       |       |     2 |       |       |     3 ||     6
       Paralysed         |       |       |       |     7 |       |       |       |       |       ||     7
       Distracted        |       |       |       |       |       |     1 |       |     3 |     7 ||    11
       Confused          |       |       |       |       |       |     1 |     7 |       |       ||     8
       Invisible         |       |       |       |       |       |       |       |       |     1 ||     1
Armor: Robe              |     9 |    21 |   198 |    59 |       |       |    11 |    35 |   112 ||   445
       Leather armour    |       |       |       |    45 |   251 |   186 |    13 |       |       ||   495
       Skin              |       |       |       |       |    14 |     4 |   393 |   667 |  1449 ||  2527
Dodge: Dodged            |    19 |    29 |   217 |   134 |   181 |    90 |   201 |   395 |  1196 ||  2462
Block: Buckler           |       |       |    53 |    62 |    33 |       |       |       |       ||   148
       Kite shield       |       |       |       |       |   293 |   401 |   732 |  1157 |  2653 ||  5236
       Reflection        |       |       |       |       |       |    75 |   123 |    48 |    56 ||   302
